APP
SAN FRANCISCO (APP) GIANTS @ JOHNSON CITY CARDINALS
08/16/2048
 
TOP OF THE 1ST
San Francisco (APP) Giants batting - Pitching for Johnson City Cardinals : RHP Jaquan Alston
Pitching: RHP Jaquan Alston
Batting: LHB Eddie Lemus 0-0: Foul Ball, location: 2F
0-1: Foul Ball, location: 2F
0-2: Ball
1-2: Strikes out swinging
Batting: RHB Noe Oliva 0-0: Called Strike
0-1: Ball
1-1: Ball
2-1: Called Strike
2-2: Ball
3-2: Strikes out swinging
Batting: RHB Ricky Aguilar 0-0: Ball
1-0: SINGLE (Flyball, 56D, EV 89.4 MPH)
Batting: LHB Kuan Hsia 0-0: Ball
1-0: Called Strike
1-1: Ball
2-1: Foul Ball, location: 2F
2-2: Reached on error, E6 (Groundball, 6, EV 101.9 MPH)
Ricky Aguilar to second
Batting: RHB Chris Kulik 0-0: Called Strike
0-1: Ball
1-1: Called Strike
1-2: Foul Ball, location: 2F
1-2: Ball
2-2: Strikes out swinging
Top of the 1st over - 0 runs, 1 hit, 1 error, 2 left on base; San Francisco (APP) 0 - Johnson City 0
BOTTOM OF THE 1ST
Johnson City Cardinals batting - Pitching for San Francisco (APP) Giants : RHP Conrad van Gemert
Pitching: RHP Conrad van Gemert
Batting: LHB Mike East 0-0: Fly out, F7 (Flyball, 78M, EV 91.2 MPH)
Batting: RHB Kyle Burns 0-0: Foul Ball, location: 2F
0-1: Ball
1-1: Ball
2-1: Foul Ball, location: 2F
2-2: Ball
3-2: Fly out, F4 (Line Drive, 34D, EV 72.5 MPH)
Batting: SHB Justin Houser 0-0: Foul Ball, location: 2F
0-1: Foul Ball, location: 2F
0-2: Ball
1-2: Ball
2-2: SINGLE (Line Drive, 56D, EV 102.5 MPH)
Batting: RHB McGwire Jones 0-0: Ball
1-0: Called Strike
1-1: Called Strike
1-2: Ball
2-2: Ball
3-2: Base on Balls
Justin Houser to second
Pitching: RHP Sam Green
Batting: RHB Pablo Nunez 0-0: Ball
1-0: Called Strike
1-1: Ball
2-1: SINGLE (Line Drive, 8RS, EV 99.4 MPH)
Justin Houser to third
McGwire Jones to second
Runner from 3rd tries for Home, SAFE, throw by RF to home
Batting: RHB Johnny Lowe 0-0: Called Strike
0-1: Ball
1-1: Fielders Choice at 2nd, 6-4 (Groundball, 56D, EV 83.8 MPH)
Bottom of the 1st over - 1 run, 2 hits, 0 errors, 2 left on base; San Francisco (APP) 0 - Johnson City 1
TOP OF THE 2ND
San Francisco (APP) Giants batting - Pitching for Johnson City Cardinals : RHP Jaquan Alston
Batting: RHB Azeem bin Zuhair 0-0: Called Strike
0-1: Swinging Strike
0-2: Strikes out swinging
Batting: RHB Jonathan Hemsley 0-0: Ball
1-0: Swinging Strike
1-1: Fly out, F9 (Flyball, 9D, EV 89.4 MPH)
Batting: SHB Cedric Sweep 0-0: Ball
1-0: Foul Ball, location: 2F
1-1: Swinging Strike
1-2: Ball
2-2: Foul Ball, location: 2F
2-2: SINGLE (Groundball, 34D, EV 101.9 MPH)
Batting: RHB Rúbem Trancoso 0-0: Called Strike
0-1: Ball
1-1: Foul Ball, location: 2F
1-2: Strikes out swinging
Top of the 2nd over - 0 runs, 1 hit, 0 errors, 1 left on base; San Francisco (APP) 0 - Johnson City 1
BOTTOM OF THE 2ND
Johnson City Cardinals batting - Pitching for San Francisco (APP) Giants : RHP Sam Green
Batting: RHB Adam Hudson 0-0: Ball
1-0: Ball
2-0: Ball
3-0: Base on Balls
Batting: RHB Geoff Musico 0-0: Ball
Adam Hudson steals 2nd base
1-0: Ball
2-0: Foul Ball, location: 2F
2-1: Ball
3-1: Base on Balls
Batting: RHB Edgar Klockow 0-0: SINGLE (Groundball, 5, EV 96.2 MPH)
Adam Hudson to third
Geoff Musico to second
Batting: LHB Mike East 0-0: Foul Ball, location: 2F
0-1: Ball
1-1: Ball
2-1: Swinging Strike
2-2: Ball
3-2: Fielders Choice at 2nd, 4-6 (Groundball, 34, EV 91.2 MPH)
Adam Hudson scores
Geoff Musico to third
Batting: RHB Kyle Burns 0-0: Called Strike
Mike East steals 2nd base
0-1: Foul Ball, location: 2F
0-2: Foul Ball, location: 2F
0-2: Ball
1-2: 3-RUN HOME RUN (Flyball, 78XD, EV 100.0 MPH), Distance : 417 ft
Batting: SHB Justin Houser 0-0: Ball
1-0: Called Strike
1-1: Ground out 1-3 (Groundball, P, EV 66.2 MPH)
Batting: RHB McGwire Jones 0-0: Called Strike
0-1: Ball
1-1: Ball
2-1: SINGLE (Groundball, 56D, EV 106.9 MPH) (infield hit)
Batting: RHB Pablo Nunez 0-0: DOUBLE (Line Drive, 7LM, EV 91.9 MPH)
McGwire Jones to third
Batting: RHB Johnny Lowe 0-0: DOUBLE (Flyball, 89D, EV 99.4 MPH)
McGwire Jones scores
Pablo Nunez scores
Batting: RHB Adam Hudson 0-0: Called Strike
0-1: Foul Ball, location: 2F
0-2: 2-RUN HOME RUN (Flyball, 9D, EV 93.8 MPH), Distance : 362 ft
Pitching: RHP Corey Foster
Batting: RHB Geoff Musico 0-0: Ground out 4-3 (Groundball, 4, EV 103.8 MPH)
Bottom of the 2nd over - 8 runs, 6 hits, 0 errors, 0 left on base; San Francisco (APP) 0 - Johnson City 9
TOP OF THE 3RD
San Francisco (APP) Giants batting - Pitching for Johnson City Cardinals : RHP Jaquan Alston
Batting: LHB Eddie Lemus 0-0: Swinging Strike
0-1: SINGLE (Groundball, 6S, EV 67.5 MPH) (infield hit)
Batting: RHB Noe Oliva 0-0: Called Strike
0-1: Called Strike
0-2: Ball
1-2: Strikes out swinging
Batting: RHB Ricky Aguilar 0-0: Foul Ball, location: 2F
0-1: Ground out 5-3 (Groundball, 56S, EV 67.5 MPH)
Eddie Lemus to second
Batting: LHB Kuan Hsia 0-0: Called Strike
0-1: Called Strike
0-2: Foul Ball, location: 2F
0-2: Ball
1-2: Foul Ball, location: 2F
1-2: Strikes out swinging
Top of the 3rd over - 0 runs, 1 hit, 0 errors, 1 left on base; San Francisco (APP) 0 - Johnson City 9
BOTTOM OF THE 3RD
Johnson City Cardinals batting - Pitching for San Francisco (APP) Giants : RHP Corey Foster
Batting: RHB Edgar Klockow 0-0: Swinging Strike
0-1: Foul Ball, location: 2F
0-2: Ball
1-2: Ball
2-2: Foul Ball, location: 2F
2-2: Ball
3-2: SOLO HOME RUN (Flyball, 7LD, EV 95.0 MPH), Distance : 349 ft
Batting: LHB Mike East 0-0: Called Strike
0-1: Ball
1-1: Foul Ball, location: 2F
1-2: Foul Ball, location: 2F
1-2: Ground out 5-3 (Groundball, 56, EV 90.0 MPH)
Batting: RHB Kyle Burns 0-0: Fly out, F3 (Popup, 34S, EV 76.9 MPH)
Batting: SHB Justin Houser 0-0: Ball
1-0: Ball
2-0: Ball
3-0: Base on Balls
Pitching: LHP Justin Tidwell
Batting: RHB McGwire Jones 0-0: Foul Ball, location: 2F
0-1: Ball
1-1: Foul Ball, location: 2F
1-2: Ball
2-2: Foul Ball, location: 2F
2-2: Ball
3-2: Foul Ball, location: 2F
3-2: Ground out 1-3 (Groundball, 23, EV 64.4 MPH)
Bottom of the 3rd over - 1 run, 1 hit, 0 errors, 1 left on base; San Francisco (APP) 0 - Johnson City 10
TOP OF THE 4TH
San Francisco (APP) Giants batting - Pitching for Johnson City Cardinals : RHP Jaquan Alston
Batting: RHB Chris Kulik 0-0: Called Strike
0-1: Ball
1-1: Called Strike
1-2: Strikes out swinging
Batting: RHB Azeem bin Zuhair 0-0: Called Strike
0-1: Ground out 6-3 (Groundball, 6, EV 88.8 MPH)
Batting: RHB Jonathan Hemsley 0-0: Called Strike
0-1: Foul Ball, location: 2F
0-2: Ball
1-2: Strikes out swinging
Top of the 4th over - 0 runs, 0 hits, 0 errors, 0 left on base; San Francisco (APP) 0 - Johnson City 10
BOTTOM OF THE 4TH
Johnson City Cardinals batting - Pitching for San Francisco (APP) Giants : LHP Justin Tidwell
Batting: RHB Pablo Nunez 0-0: Foul Ball, location: 2F
0-1: Ball
1-1: SOLO HOME RUN (Flyball, 9D, EV 100.0 MPH), Distance : 362 ft
Batting: RHB Johnny Lowe 0-0: Ball
1-0: Called Strike
1-1: Ball
2-1: SINGLE (Groundball, 6MD, EV 105.0 MPH)
Batting: RHB Adam Hudson 0-0: Called Strike
0-1: Ball
Passed Ball!
Johnny Lowe to second
1-1: Foul Ball, location: 2F
1-2: Ball
2-2: 2-RUN HOME RUN (Flyball, 8RXD, EV 109.4 MPH), Distance : 444 ft
Pitching: LHP Ken Cromsie
Batting: RHB Geoff Musico 0-0: Called Strike
0-1: Ball
1-1: Ball
2-1: Ball
3-1: Called Strike
3-2: Foul Ball, location: 2F
3-2: Foul Ball, location: 2F
3-2: Foul Ball, location: 2F
3-2: Base on Balls
Batting: RHB Edgar Klockow 0-0: Ball
1-0: Called Strike
1-1: 2-RUN HOME RUN (Line Drive, 9D, EV 96.2 MPH), Distance : 381 ft
Batting: LHB Mike East 0-0: Ball
1-0: Ball
2-0: DOUBLE (Line Drive, 78XD, EV 103.1 MPH)
Batting: RHB Kyle Burns 0-0: Called Strike
0-1: Ball
1-1: Foul Ball, location: 2F
1-2: Ball
2-2: Fly out, F9 (Flyball, 9, EV 90.0 MPH)
Pitching: RHP Newt Reid
Batting: SHB Justin Houser 0-0: Ball
1-0: Ball
2-0: Ball
Wild Pitch!
Mike East to third
3-0: Base on Balls
Batting: RHB McGwire Jones 0-0: Ball
1-0: Ball
Wild Pitch!
Mike East scores
Justin Houser to second
2-0: Ball
3-0: Called Strike
3-1: Base on Balls
Batting: RHB Pablo Nunez 0-0: Ball
1-0: Ball
2-0: Called Strike
2-1: SINGLE (Groundball, 56D, EV 106.2 MPH)
Justin Houser to third
McGwire Jones to second
Batting: RHB Johnny Lowe 0-0: Called Strike
0-1: Ball
1-1: Foul Ball, location: 2F
1-2: Ball
2-2: Ball
3-2: Strikes out swinging
Batting: RHB Adam Hudson 0-0: Called Strike
0-1: Foul Ball, location: 2F
0-2: Strikes out swinging
Bottom of the 4th over - 6 runs, 6 hits, 0 errors, 3 left on base; San Francisco (APP) 0 - Johnson City 16
TOP OF THE 5TH
San Francisco (APP) Giants batting - Pitching for Johnson City Cardinals : RHP Jaquan Alston
Batting: SHB Cedric Sweep 0-0: Foul Ball, location: 2F
0-1: Swinging Strike
0-2: Ball
1-2: Foul Ball, location: 2F
1-2: Strikes out looking
Batting: RHB Rúbem Trancoso 0-0: Ball
1-0: Ball
2-0: Ground out 4-3 (Groundball, 4, EV 105.0 MPH)
Batting: LHB Eddie Lemus 0-0: Ball
1-0: Ball
2-0: Foul Ball, location: 2F
2-1: Called Strike
2-2: Foul Ball, location: 2F
2-2: Ball
3-2: Fly out, F8 (Flyball, 8LD, EV 96.9 MPH)
Top of the 5th over - 0 runs, 0 hits, 0 errors, 0 left on base; San Francisco (APP) 0 - Johnson City 16
BOTTOM OF THE 5TH
Johnson City Cardinals batting - Pitching for San Francisco (APP) Giants : RHP Newt Reid
Batting: RHB Geoff Musico 0-0: Called Strike
0-1: Foul Ball, location: 2F
0-2: Ball
1-2: Strikes out swinging
Batting: RHB Edgar Klockow 0-0: Ball
1-0: DOUBLE (Flyball, 8LXD, EV 105.6 MPH)
Batting: LHB Mike East 0-0: Ball
1-0: Ball
2-0: Ball
3-0: Called Strike
3-1: Foul Ball, location: 2F
3-2: Base on Balls
Batting: RHB Kyle Burns 0-0: Ball
1-0: DOUBLE (Line Drive, 7LD, EV 103.1 MPH)
Edgar Klockow scores
Mike East to third
Batting: SHB Justin Houser 0-0: Called Strike
0-1: Ball
1-1: Ball
2-1: Foul Ball, location: 2F
2-2: Ball
Wild Pitch!
Mike East scores
Kyle Burns to third
3-2: Ground out 4-3 (Groundball, 4, EV 83.1 MPH)
Kyle Burns scores
Batting: RHB McGwire Jones 0-0: Called Strike
0-1: Ball
1-1: Ball
2-1: Ball
3-1: Base on Balls
Batting: RHB Pablo Nunez 0-0: Ball
1-0: Ball
2-0: Ball
3-0: Base on Balls
McGwire Jones to second
Batting: RHB Johnny Lowe 0-0: SINGLE (Groundball, 6MD, EV 105.0 MPH)
McGwire Jones to third
Pablo Nunez to second
Runner from 3rd tries for Home, SAFE, throw by CF to home
Batting: RHB Adam Hudson 0-0: Called Strike
0-1: Ball
1-1: Ball
2-1: Foul Ball, location: 2F
2-2: Foul Ball, location: 2F
2-2: Ball
3-2: Base on Balls
Pablo Nunez to third
Johnny Lowe to second
Batting: RHB Geoff Musico 0-0: Foul Ball, location: 2F
0-1: Swinging Strike
0-2: Ball
1-2: Foul Ball, location: 2F
1-2: Foul Ball, location: 2F
1-2: Ball
2-2: Ball
3-2: Base on Balls
Pablo Nunez scores
Johnny Lowe to third
Adam Hudson to second
Batting: RHB Edgar Klockow 0-0: Ball
1-0: Ball
2-0: Ball
3-0: Base on Balls
Johnny Lowe scores
Adam Hudson to third
Geoff Musico to second
Batting: LHB Mike East 0-0: Ball
1-0: Ball
2-0: Ball
3-0: Called Strike
3-1: Base on Balls
Adam Hudson scores
Geoff Musico to third
Edgar Klockow to second
Batting: RHB Kyle Burns 0-0: Called Strike
0-1: Ball
1-1: Ground out 4-3 (Groundball, 4, EV 98.1 MPH)
Bottom of the 5th over - 7 runs, 3 hits, 0 errors, 3 left on base; San Francisco (APP) 0 - Johnson City 23
TOP OF THE 6TH
San Francisco (APP) Giants batting - Pitching for Johnson City Cardinals : RHP Jaquan Alston
Batting: RHB Noe Oliva 0-0: Foul Ball, location: 2F
0-1: Called Strike
0-2: Foul Ball, location: 2F
0-2: Ball
1-2: Ball
2-2: SINGLE (Line Drive, 7LS, EV 112.5 MPH)
Batting: RHB Ricky Aguilar 0-0: Swinging Strike
0-1: Ball
1-1: Fly out, F9 (Flyball, 9S, EV 90.0 MPH)
Pitching: RHP Jeremy Bonita
Batting: LHB Kuan Hsia 0-0: Ball
1-0: Ball
2-0: Foul Ball, location: 2F
2-1: Called Strike
2-2: Ball
3-2: Fly out, F7 (Line Drive, 7D, EV 90.6 MPH)
Batting: RHB Chris Kulik 0-0: Called Strike
Noe Oliva steals 2nd base (no throw)
0-1: Ball
1-1: Hit by Pitch
Batting: RHB Azeem bin Zuhair 0-0: Called Strike
0-1: Ball
1-1: Ball
2-1: Foul Ball, location: 2F
2-2: Ball
3-2: Strikes out swinging
Top of the 6th over - 0 runs, 1 hit, 0 errors, 2 left on base; San Francisco (APP) 0 - Johnson City 23
BOTTOM OF THE 6TH
Johnson City Cardinals batting - Pitching for San Francisco (APP) Giants : RHP Newt Reid
Batting: SHB Justin Houser 0-0: Foul Ball, location: 2F
0-1: Ground out 4-3 (Groundball, 4, EV 84.4 MPH)
Batting: RHB McGwire Jones 0-0: Foul Ball, location: 2F
0-1: Ball
1-1: Ball
2-1: SOLO HOME RUN (Flyball, 7LD, EV 96.9 MPH), Distance : 359 ft
Batting: RHB Pablo Nunez 0-0: Ball
1-0: Ball
2-0: Ball
3-0: DOUBLE (Line Drive, 9LM, EV 104.4 MPH)
Batting: RHB Johnny Lowe 0-0: Ball
1-0: Ball
2-0: Ball
3-0: Base on Balls
Batting: RHB Adam Hudson 0-0: Foul Ball, location: 2F
0-1: Ball
1-1: Ball
2-1: Ball
3-1: Foul Ball, location: 2F
3-2: Base on Balls
Pablo Nunez to third
Johnny Lowe to second
Batting: RHB Geoff Musico 0-0: Called Strike
0-1: SINGLE (Groundball, 56D, EV 95.0 MPH)
Pablo Nunez scores
Johnny Lowe to third
Adam Hudson to second
Batting: RHB Edgar Klockow 0-0: Ball
1-0: Ball
2-0: Ball
3-0: Called Strike
3-1: Called Strike
3-2: Foul Ball, location: 2F
3-2: Base on Balls
Johnny Lowe scores
Adam Hudson to third
Geoff Musico to second
Batting: LHB Mike East 0-0: Ball
1-0: Fielders Choice at 2nd, 3-6 (Groundball, 34, EV 101.2 MPH)
Adam Hudson scores
Geoff Musico to third
Batting: RHB Kyle Burns 0-0: Ball
1-0: Ball
2-0: Called Strike
2-1: Ball
3-1: Base on Balls
Mike East to second
Batting: SHB Justin Houser 0-0: Fly out, F9 (Line Drive, 9S, EV 105.6 MPH)
Bottom of the 6th over - 4 runs, 3 hits, 0 errors, 3 left on base; San Francisco (APP) 0 - Johnson City 27
TOP OF THE 7TH
San Francisco (APP) Giants batting - Pitching for Johnson City Cardinals : RHP Jeremy Bonita
Batting: RHB Jonathan Hemsley 0-0: Swinging Strike
0-1: Foul Ball, location: 2F
0-2: Ball
1-2: Foul Ball, location: 2F
1-2: Ball
2-2: Foul Ball, location: 2F
2-2: Foul Ball, location: 2F
2-2: Strikes out swinging
Batting: SHB Cedric Sweep 0-0: Foul Ball, location: 2F
0-1: Foul Ball, location: 2F
0-2: Foul Ball, location: 2F
0-2: Strikes out swinging
Batting: RHB Rúbem Trancoso 0-0: Ball
1-0: Swinging Strike
1-1: Swinging Strike
1-2: Foul Ball, location: 2F
1-2: Ball
2-2: Strikes out looking
Top of the 7th over - 0 runs, 0 hits, 0 errors, 0 left on base; San Francisco (APP) 0 - Johnson City 27
BOTTOM OF THE 7TH
Johnson City Cardinals batting - Pitching for San Francisco (APP) Giants : RHP Newt Reid
Batting: RHB McGwire Jones 0-0: Called Strike
0-1: Fly out, F7 (Flyball, 78D, EV 106.2 MPH)
Batting: RHB Pablo Nunez 0-0: Ball
1-0: Ball
2-0: DOUBLE (Line Drive, 89XD, EV 97.5 MPH)
Batting: RHB Johnny Lowe 0-0: Ball
1-0: Ball
2-0: Ball
3-0: Base on Balls
Batting: RHB Adam Hudson 0-0: SINGLE (Groundball, 4MD, EV 103.1 MPH)
Pablo Nunez to third
Johnny Lowe to second
Batting: RHB Geoff Musico 0-0: Foul Ball, location: 2F
0-1: Ball
1-1: Ball
2-1: Foul Ball, location: 2F
2-2: Foul Ball, location: 2F
2-2: Ball
3-2: Base on Balls
Pablo Nunez scores
Johnny Lowe to third
Adam Hudson to second
Batting: RHB Edgar Klockow 0-0: Ball
1-0: Foul Ball, location: 2F
1-1: Ball
2-1: Swinging Strike
2-2: Ball
3-2: Strikes out looking
Batting: LHB Mike East 0-0: Foul Ball, location: 2F
0-1: Foul Ball, location: 2F
0-2: Ground out 4-3 (Groundball, 4, EV 103.1 MPH)
Bottom of the 7th over - 1 run, 2 hits, 0 errors, 3 left on base; San Francisco (APP) 0 - Johnson City 28
TOP OF THE 8TH
San Francisco (APP) Giants batting - Pitching for Johnson City Cardinals : RHP Jeremy Bonita
Pitching: RHP Nick Durham
Batting: LHB Eddie Lemus 0-0: Ball
1-0: Ball
2-0: SINGLE (Groundball, 34D, EV 108.8 MPH) (infield hit)
Batting: RHB Noe Oliva 0-0: Called Strike
0-1: Ball
1-1: Swinging Strike
1-2: Foul Ball, location: 2F
1-2: Strikes out swinging
Batting: RHB Ricky Aguilar 0-0: Ball
1-0: Foul Ball, location: 2F
1-1: Fielders Choice at 2nd, 5-4 (Groundball, 5L, EV 83.1 MPH)
Batting: LHB Kuan Hsia 0-0: Ball
1-0: SINGLE (Groundball, 25, EV 71.2 MPH) (infield hit)
Ricky Aguilar to second
Batting: RHB Chris Kulik 0-0: Ball
1-0: Called Strike
1-1: Swinging Strike
1-2: Ball
2-2: SINGLE (Groundball, 56S, EV 95.6 MPH)
Ricky Aguilar to third
Kuan Hsia to second
Batting: RHB Azeem bin Zuhair 0-0: Swinging Strike
0-1: Foul Ball, location: 2F
0-2: Ball
1-2: Strikes out looking
Top of the 8th over - 0 runs, 3 hits, 0 errors, 3 left on base; San Francisco (APP) 0 - Johnson City 28
BOTTOM OF THE 8TH
Johnson City Cardinals batting - Pitching for San Francisco (APP) Giants : RHP Newt Reid
Batting: RHB Kyle Burns 0-0: Ball
1-0: Ball
2-0: Foul Ball, location: 2F
2-1: Ball
3-1: Base on Balls
Pinch Hitting: SHB Justin Towry 0-0: Fly out, F6 (Popup, 6MS, EV 68.8 MPH)
Batting: RHB McGwire Jones 0-0: Ball
1-0: Fielders Choice at 2nd, 6-4 (Groundball, 6, EV 87.5 MPH)
Batting: RHB Pablo Nunez 0-0: Foul Ball, location: 2F
0-1: Foul Ball, location: 2F
0-2: Ground out U3 (Groundball, 34S, EV 87.5 MPH)
Bottom of the 8th over - 0 runs, 0 hits, 0 errors, 1 left on base; San Francisco (APP) 0 - Johnson City 28
TOP OF THE 9TH
San Francisco (APP) Giants batting - Pitching for Johnson City Cardinals : RHP Nick Durham
Now at 3B: Justin Towry
Batting: RHB Jonathan Hemsley 0-0: Ball
1-0: Ball
2-0: Hit by Pitch
Batting: SHB Cedric Sweep 0-0: Ball
1-0: DOUBLE (Groundball, 3L, EV 106.2 MPH)
Jonathan Hemsley to third
Batting: RHB Rúbem Trancoso 0-0: Called Strike
0-1: Foul Ball, location: 2F
0-2: Ball
1-2: Strikes out swinging
Batting: LHB Eddie Lemus 0-0: Ball
1-0: Called Strike
1-1: Swinging Strike
1-2: Foul Ball, location: 2F
1-2: Foul Ball, location: 2F
1-2: Ball
Wild Pitch!
Jonathan Hemsley scores
Cedric Sweep to third
2-2: Ball
3-2: Base on Balls
Batting: RHB Noe Oliva 0-0: Called Strike
0-1: Foul Ball, location: 2F
0-2: Ball
1-2: Strikes out swinging
Batting: RHB Ricky Aguilar 0-0: Ball
Wild Pitch!
Cedric Sweep scores
Eddie Lemus to second
1-0: Swinging Strike
1-1: Foul Ball, location: 2F
1-2: Ball
2-2: Strikes out swinging
Top of the 9th over - 2 runs, 1 hit, 0 errors, 1 left on base; San Francisco (APP) 2 - Johnson City 28
Tuesday, March 28th , 2023 - OOTP Baseball 23.10 Build 110